 Dungeon Crawl Stone Soup version 0.29-a0-925-g0a7a3d12f8 (webtiles) character file.

Game seed: 12533235834773340124

1319 Newt the Twirler (level 9, -5/74 HPs)
             Began as a Meteoran Gladiator on July 29, 2022.
             Was an Initiate of Dithmenos.
             Slain by a manticore (19 damage)
             ... on level 11 of the Dungeon.
             The game lasted 00:09:40 (3414 turns).

Newt the Twirler (Meteoran Gladiator)               Turns: 3414, Time: 00:09:41

Health: -5/74      AC:  8    Str: 19 (20) XL:     9   Next: 13%
Magic:  10/10      EV: 10    Int: 11      God:    Dithmenos [......]
Gold:   207        SH: 12    Dex: 14 (15) Spells: 8/8 levels left

rFire   + . .      SeeInvis .   n - +5 whip of the Skies Above {flame, Stlth+}
rCold   + . .      Faith    .   d - +0 tower shield
rNeg    . . .      Spirit   .   y - +0 steam dragon scales
rPois   .          Reflect  .   c - +0 helmet
rElec   .          Harm     .   h - scarf {rC+ rF+}
rCorr   .          Rampage  .   m - +0 pair of gloves
Will    +....                   (no boots)
Stlth   +.........              j - amulet of regeneration
HPRegen 1.02/turn               (no ring)
MPRegen 0.12/turn               (no ring)

@: glowing
A: sense surroundings 2, otherworldly, glowing, explore regen, deterioration 1
a: Renounce Religion


You were on level 11 of the Dungeon.
You worshipped Dithmenos.
Dithmenos was noncommittal.
You visited 1 branch of the dungeon, and saw 7 of its levels.

You collected 317 gold pieces.
You spent 110 gold pieces at shops.

Inventory:

Hand Weapons
 a - a +1 quarterstaff
 n - the +5 whip of the Skies Above (weapon) {flame, Stlth+}
   (You found it on level 7 of the Dungeon)

   It burns those it strikes, dealing additional fire damage.
   Stlth:     It makes you more stealthy.
Missiles
 e - a javelin (quivered)
 f - 15 poisoned darts
 v - a throwing net
Armour
 b - a +0 leather armour
 c - a +0 helmet (worn)
 d - a +0 tower shield (worn)
 h - a scarf of resistance (worn)
 m - a +0 pair of gloves (worn)
 y - +0 steam dragon scales (worn)
Jewellery
 j - an amulet of regeneration (around neck)
Wands
 s - a wand of flame (24)
 t - a wand of iceblast (11)
Scrolls
 i - 6 scrolls of teleportation
 l - a scroll of poison
Potions
 g - a potion of degeneration
 q - a potion of invisibility
 r - 2 potions of curing
 u - a potion of resistance
 x - a potion of flight {unknown}
 z - 2 potions of heal wounds


   Skills:
 + Level 5.2 Fighting
 + Level 5.8(7.4) Maces & Flails
 - Level 6.3(7.3) Staves
 + Level 3.2 Throwing
 + Level 4.2 Armour
 + Level 6.0 Dodging
 + Level 0.5 Stealth
 + Level 3.1 Shields


You had 8 spell levels left.
You didn't know any spells.
Your spell library contained the following spells:

 Spells                   Type           Power      Damage    Failure   Level
 Sublimation of Blood     Necr           0%         N/A       100%        2
 Wereblood                Tmut           0%         N/A       100%        2
 Summon Hydra             Summ           0%         N/A       100%        7


Dungeon Overview and Level Annotations

Branches:
Dungeon (8/15) Zot: 963
 Temple: D:4-7         Lair: D:8-11

Altars:
Ashenzari
Cheibriados
Dithmenos
Elyvilon
Nemelex Xobeh
Zin
The Shining One

Shops:
D:2 *   D:7 !


Innate Abilities, Weirdness & Mutations

You passively map the area around you.
You are easily found by Zot.
You glow in the dark.
You regain HP and MP as you explore.
Your body sometimes deteriorates upon taking damage.


Message History

You hit the orc. You burn the orc.
You kill the orc!
Dithmenos accepts your kill. You block the orc's attack.
You whack the orc! You burn the orc.
You kill the orc!
Dithmenos accepts your kill.
No target in view!
You pick up a book of Blood and begin reading...
You add the spells Sublimation of Blood, Wereblood and Summon Hydra to your library.
z - 2 puce potions (gained 1)
Found a robe.
Found a stone staircase leading up.
You now have 183 gold pieces (gained 18).
f - 15 poisoned darts (gained 3)
Found a stone staircase leading up.
You now have 192 gold pieces (gained 9).
Found a stone staircase leading up.
You now have 207 gold pieces (gained 15).
Found 6 curare-tipped darts.
k - a scroll of identify
As you read the scroll of identify, it crumbles to dust.
z - 2 potions of heal wounds A manticore comes into view.
You whack the manticore! You burn the manticore.
The manticore is moderately wounded.
You block the manticore's attack. The manticore claws you. x2
You hit the manticore but do no damage.
The manticore is moderately wounded.
The manticore bites you! You block the manticore's attack. x2
You hit the manticore. You burn the manticore.
The manticore is moderately wounded.
The manticore barely misses you. The manticore claws you. x2
You hit the manticore. You burn the manticore.
The manticore is heavily wounded.
The manticore bites you!! The manticore claws you!
* * * LOW HITPOINT WARNING * * *
Your body deteriorates!
You feel weakened. You block the manticore's attack. The manticore bites you!!
You die...

, ,, , ..............# , ,
,......................##
, ,
,.......................#
,
,,...........#............
, ..........###...........
, ...........#............
,,
.....(..^...............
........................ *
#...H@................ * *
##....................
##................... *
##............#..... ,
#.#.#.#.#....###.... *
#.#..#..##...## ##...
#.#..###..#<.## ###.
..#### ######. #. ### ##
##


You could see a manticore.

Vanquished Creatures
  A wyvern (D:7)
  A steam dragon (D:8)
  A black bear (D:8)
  An orc warrior (D:8)
  2 sky beasts (D:7)
  An ogre (D:6)
  A kobold brigand (D:8)
  A bullfrog (D:7)
  A howler monkey (D:7)
  2 orc priests (D:7)
  2 hounds (D:7)
  Crazy Yiuf (D:7)
  A gnoll bouda (D:7)
  3 orc wizards
  An iguana (D:6)
  8 gnolls
  3 adders
  2 dart slugs
  8 orcs
  4 bats
  5 endoplasms
  2 giant cockroaches
  A goblin (D:2)
  6 hobgoblins
  2 jackals (D:1)
  4 quokkas
  5 ball pythons
  6 frilled lizards (D:2)
  6 kobolds
  A rat (D:1)
83 creatures vanquished.

Vanquished Creatures (others)
  5 plants
5 creatures vanquished.

Grand Total: 88 creatures vanquished

Notes
Turn   | Place    | Note
-------+----------+-------------------------------------------
     0 | D:1      | Newt the Meteoran Gladiator began the quest for the Orb.
     0 | D:1      | Reached XP level 1. HP: 17/17 MP: 2/2
   151 | D:1      | Reached XP level 2. HP: 24/24 MP: 3/3
   354 | D:1      | Reached XP level 3. HP: 14/29 MP: 4/4
   495 | D:1      | Glimpsed the power of Zot.
   545 | D:1      | Glimpsed the power of Zot.
   584 | D:1      | Glimpsed the power of Zot.
   594 | D:1      | Touched by the power of Zot.
   610 | D:2      | Reached skill level 1 in Armour
   679 | D:2      | Found a white marble altar of Elyvilon.
   711 | D:2      | Found Ring's Assorted Antiques.
   716 | D:2      | Bought a scroll labelled LUV NUNUIZONUA for 22 gold pieces
   770 | D:2      | Reached XP level 4. HP: 14/29 MP: 5/5
  1290 | D:2      | Glimpsed the power of Zot.
  1339 | D:2      | Glimpsed the power of Zot.
  1523 | D:3      | Reached skill level 5 in Staves
  1523 | D:3      | Reached XP level 5. HP: 14/37 MP: 6/6
  1835 | D:3      | You fall into a shaft and drop 3 floors!
  1835 | D:6      | Found a snail-covered altar of Cheibriados.
  1835 | D:6      | Found a glowing golden altar of the Shining One.
  1835 | D:6      | Found a glowing silver altar of Zin.
  1839 | D:6      | Identified the +5 short sword of Qomor {vorpal, *Rage Int+3
                  | Dex+2 SInv}
  1841 | D:6      | Noticed an ogre
  1860 | D:6      | Killed an ogre
  1861 | D:6      | Reached XP level 6. HP: 48/51 MP: 7/7
  1942 | D:6      | Noticed a sky beast
  1952 | D:6      | Noticed an ogre
  1960 | D:6      | Noticed an ogre
  1979 | D:7      | Found Cacod's Distillery.
  1983 | D:7      | Killed a sky beast
  1984 | D:7      | Reached XP level 7. HP: 57/57 MP: 8/8
  2019 | D:7      | Bought a potion of mutation for 88 gold pieces
  2022 | D:7      | Identified the +5 whip of the Skies Above {flame, Stlth+}
  2030 | D:7      | Gained mutation: Your body sometimes deteriorates upon
                  | taking damage. [potion of mutation]
  2082 | D:7      | Reached skill level 1 in Maces & Flails
  2254 | D:7      | Found a broken altar of Ashenzari.
  2272 | D:7      | Identified the +5 bardiche of Roxytob {freeze, Fragile rF+
                  | Dex+3 Stlth+}
  2478 | D:7      | Reached skill level 5 in Dodging
  2478 | D:7      | Reached skill level 1 in Shields
  2512 | D:7      | Reached XP level 8. HP: 42/67 MP: 9/9
  2527 | D:7      | Noticed a wyvern
  2533 | D:7      | Killed a wyvern
  2548 | D:7      | Found a shadowy altar of Dithmenos.
  2562 | D:7      | Became a worshipper of Dithmenos the Shadowed
  2670 | D:7      | Found a runed translucent door.
  2671 | D:7      | Noticed Crazy Yiuf
  2810 | D:7      | Killed Crazy Yiuf
  2856 | D:8      | Noticed a steam dragon
  2929 | D:8      | Killed a steam dragon
  2930 | D:8      | Reached skill level 5 in Maces & Flails
  2958 | D:8      | Gained mutation: You passively map the area around you.
                  | [Meteoran growth]
  2958 | D:8      | Reached XP level 9. HP: 73/73 MP: 10/10
  3013 | D:8      | Reached skill level 5 in Fighting
  3091 | D:8      | Identified the +7 mace of Zeky {vorpal, *Corrode rElec
                  | rF+++ MP+9 Stlth-}
  3190 | D:8      | Found a sparkling altar of Nemelex Xobeh.
  3218 | D:8      | Noticed a hornet
  3228 | D:8      | Paralysed by a hornet for 2 turns
  3237 | D:8      | You fall into a shaft and drop 3 floors!
  3406 | D:11     | Noticed a manticore
  3414 | D:11     | Slain by a manticore

Illustrated notes

Levels and vault maps discovered:
D:1:      nzn_arrival_settlement, layout_loops_cross,
          dilly_ecumenical_altar_fadedgnrine
D:2:      layout_loops_corners, basic_altar, serial_shops, shop_fountains,
          minmay_lizard_king
D:3:      layout_rooms, mainiacjoe_overflow_paths, minivault_25,
          minmay_crystal_water
D:6:      layout_basic, mainiacjoe_overflow_catwalk, grunt_temple_overflow_open,
          marbit_many_paths
D:7:      layout_loops_ring, ashenzari_conservatory_becter,
          nicolae_dithmenos_shadow_blocks, nicolae_stop_n_shop_1,
          uniq_crazy_yiuf_cottage
D:8:      layout_basic, nemelex_spade_bored_becter, grunt_ministairs_13
D:11:     layout_big_octagon, serial_shops, nicolae_lakefront_shop,
          ebering_ghost_disaster_area, grunt_decor_fettered, chequers_avenue,
          serial_bayou_pond_d

Skill      XL: |  1  2  3  4  5  6  7  8  9 |
---------------+----------------------------+-----
Staves         | 4 5 6 |  6.3
Throwing       | 3 |  3.2
Armour         | 1 2 3 4 |  4.2
Dodging        | 4 5 6 |  6.0
Fighting       | 3 4 5 |  5.2
Maces & Flails | 2 5 |  5.8
Shields        | 1 2 3 |  3.1
Stealth        | |  0.5

Action                   |  1- 3 |  4- 6 |  7- 9 || total
-------------------------+-------+-------+-------++-------
Melee: Quarterstaff      |    75 |   115 |       ||   190
       Whip              |       |       |   149 ||   149
       Punch             |       |       |     1 ||     1
Throw: Throwing net      |       |     5 |       ||     5
       Javelin           |       |     1 |       ||     1
  Use: Scroll            |     1 |     2 |    10 ||    13
       Potion            |       |     2 |     1 ||     3
Armor: Leather armour    |    27 |    41 |    15 ||    83
       Skin              |       |     2 |       ||     2
       Steam dragon scal |       |       |    21 ||    21
Dodge: Dodged            |    48 |    57 |    53 ||   158
Block: Tower shield      |       |       |    81 ||    81

Table legend: (Time is in decaauts)
 A = Elapsed time spent in this place.
 B = Non-inter-level travel time spent in this place.
 C = Inter-level travel time spent in this place.
 D = Time resting spent in this place.
 E = Time spent auto-exploring this place.
 F = Levels seen in this place.
 G = Mean time per level.
                   A        B        C        D        E       F      G
               +--------+--------+--------+--------+--------+-----+--------+
         Total |   3436 |   3277 |    159 |    150 |   2244 |   7 |  490.9 |
       Dungeon |   3436 |   3277 |    159 |    150 |   2244 |   7 |  490.9 |
               +--------+--------+--------+--------+--------+-----+--------+

Top non-repeatable levels by time:
     D:7: 886 daAuts
     D:2: 879 daAuts
     D:1: 611 daAuts
     D:8: 395 daAuts
     D:3: 357 daAuts
    D:11: 178 daAuts
     D:6: 126 daAuts
